HSSL
COWETA HS TIGERS @ MADAWASKA VALLEY HS WOLVES
04/24/2029
 
TOP OF THE 1ST
Coweta HS Tigers batting - Pitching for Madawaska Valley HS Wolves : LHP Nick Harrison
Pitching: LHP Nick Harrison
Batting: LHB Vito Ramírez 0-0: Ball
1-0: Ball
2-0: Foul Ball, location: 2F
2-1: Ball
3-1: Called Strike
3-2: Ground out 2-3 (Groundball, 15S)
Batting: LHB Matt Taylor 0-0: Swinging Strike
0-1: Ball
1-1: Called Strike
1-2: Foul Ball, location: 2F
1-2: Ball
2-2: SINGLE (Line Drive, 34D)
Batting: RHB Javier Escalante 0-0: Called Strike
0-1: Ball
Matt Taylor is caught stealing 2nd base
1-1: Foul Ball, location: 2F
1-2: SINGLE (Groundball, 56D)
Batting: RHB Ronald McMillan 0-0: Called Strike
0-1: Called Strike
0-2: Strikes out swinging
Top of the 1st over - 0 runs, 2 hits, 0 errors, 1 left on base; Coweta HS 0 - Madawaska Valley HS 0
BOTTOM OF THE 1ST
Madawaska Valley HS Wolves batting - Pitching for Coweta HS Tigers : RHP Bob Boone
Pitching: RHP Bob Boone
Batting: RHB Bob Colbert 0-0: Called Strike
0-1: Swinging Strike
0-2: Strikes out swinging
Batting: RHB Earl Austin 0-0: Ball
1-0: Ball
2-0: Ball
3-0: Called Strike
3-1: DOUBLE (Groundball, 5L)
Batting: RHB Bill Martínez 0-0: Called Strike
0-1: Ball
1-1: Ball
2-1: Foul Ball, location: 2F
2-2: Foul Ball, location: 2F
2-2: Foul Ball, location: 2F
2-2: Ball
3-2: Foul Ball, location: 2F
3-2: Foul Ball, location: 2F
3-2: Foul Ball, location: 2F
3-2: Base on Balls
Batting: LHB Ricardo Carrillo 0-0: Ball
1-0: Ball
2-0: Ball
3-0: Base on Balls
Earl Austin to third
Bill Martínez to second
Batting: LHB Carl Childs 0-0: Foul Ball, location: 2F
0-1: Ball
1-1: TRIPLE (Flyball, 9D)
Earl Austin scores
Bill Martínez scores
Ricardo Carrillo scores
Batting: RHB Rory Dickey 0-0: Foul Ball, location: 2F
0-1: Ball
1-1: Fly out, F8 (Flyball, 8RM)
Runner from 3rd tags up, OUT at HOME
Bottom of the 1st over - 3 runs, 2 hits, 0 errors, 0 left on base; Coweta HS 0 - Madawaska Valley HS 3
TOP OF THE 2ND
Coweta HS Tigers batting - Pitching for Madawaska Valley HS Wolves : LHP Nick Harrison
Batting: RHB Jim Díaz 0-0: Called Strike
0-1: Ball
1-1: Called Strike
1-2: Ball
2-2: Strikes out swinging
Batting: LHB Edward Cook 0-0: Swinging Strike
0-1: Swinging Strike
0-2: Foul Ball, location: 2F
0-2: Ball
1-2: Ball
2-2: Ball
3-2: Strikes out swinging
Batting: LHB Carlos Aponte 0-0: Called Strike
0-1: Ball
1-1: Foul Ball, location: 2F
1-2: Fly out, F2 (Popup, 15S)
Top of the 2nd over - 0 runs, 0 hits, 0 errors, 0 left on base; Coweta HS 0 - Madawaska Valley HS 3
BOTTOM OF THE 2ND
Madawaska Valley HS Wolves batting - Pitching for Coweta HS Tigers : RHP Bob Boone
Batting: RHB Jim Barnes 0-0: Called Strike
0-1: Ground out 6-3 (Groundball, 6)
Batting: SHB Robert Bradshaw 0-0: Ball
1-0: Ball
2-0: Foul Ball, location: 2F
2-1: SINGLE (Groundball, 6MD)
Batting: SHB Jason Dundee 0-0: Called Strike
0-1: Foul Ball, location: 2F
0-2: Ball
1-2: Ball
2-2: Strikes out swinging
Batting: RHB Bob Colbert 0-0: Foul Ball, location: 2F
0-1: Ball
1-1: Fly out, F7 (Flyball, 7D)
Bottom of the 2nd over - 0 runs, 1 hit, 0 errors, 1 left on base; Coweta HS 0 - Madawaska Valley HS 3
TOP OF THE 3RD
Coweta HS Tigers batting - Pitching for Madawaska Valley HS Wolves : LHP Nick Harrison
Batting: SHB Mike Bryant 0-0: Swinging Strike
0-1: Foul Ball, location: 2F
0-2: Ball
1-2: Foul Ball, location: 2F
1-2: Ball
2-2: Ball
3-2: Foul Ball, location: 2F
3-2: Foul Ball, location: 2F
3-2: Foul Ball, location: 2F
3-2: Base on Balls
Batting: LHB Joe Mobley 0-0: Fly out, F8 (Flyball, 8LD)
Batting: LHB Vito Ramírez 0-0: Ball
1-0: Called Strike
1-1: Foul Ball, location: 2F
1-2: Ball
2-2: SINGLE (Line Drive, 78S)
Mike Bryant to second
Batting: LHB Matt Taylor 0-0: Ball
1-0: Ball
2-0: Ball
3-0: Base on Balls
Mike Bryant to third
Vito Ramírez to second
Batting: RHB Javier Escalante 0-0: Called Strike
0-1: Foul Ball, location: 2F
0-2: Fly out, F8 (Flyball, 8RD)
Runner from 3rd tags up, SCORES, throw made
Batting: RHB Ronald McMillan 0-0: Ball
1-0: Foul Ball, location: 2F
1-1: Ball
2-1: Ball
3-1: Swinging Strike
3-2: Base on Balls
Vito Ramírez to third
Matt Taylor to second
Batting: RHB Jim Díaz 0-0: Ball
1-0: Called Strike
1-1: Swinging Strike
1-2: Fly out, F4 (Popup, 23)
Top of the 3rd over - 1 run, 1 hit, 0 errors, 3 left on base; Coweta HS 1 - Madawaska Valley HS 3
BOTTOM OF THE 3RD
Madawaska Valley HS Wolves batting - Pitching for Coweta HS Tigers : RHP Bob Boone
Batting: RHB Earl Austin 0-0: Ball
1-0: Ball
2-0: Foul Ball, location: 2F
2-1: Ball
3-1: Base on Balls
Batting: RHB Bill Martínez 0-0: Foul Ball, location: 2F
0-1: Foul Ball, location: 2F
0-2: Ball
1-2: Grounds into double play, 4-6-3 (Groundball, 4)
Batting: LHB Ricardo Carrillo 0-0: Ball
1-0: Ball
2-0: SINGLE (Groundball, 4MD)
Batting: LHB Carl Childs 0-0: Called Strike
0-1: Ball
1-1: Ball
2-1: Ball
3-1: Foul Ball, location: 2F
3-2: Fly out, F8 (Flyball, 89M)
Bottom of the 3rd over - 0 runs, 1 hit, 0 errors, 1 left on base; Coweta HS 1 - Madawaska Valley HS 3
TOP OF THE 4TH
Coweta HS Tigers batting - Pitching for Madawaska Valley HS Wolves : LHP Nick Harrison
Batting: LHB Edward Cook 0-0: Ball
1-0: Ball
2-0: Foul Ball, location: 2F
2-1: Foul Ball, location: 2F
2-2: Ball
3-2: Fly out, F9 (Line Drive, 9)
Batting: LHB Carlos Aponte 0-0: SINGLE (Line Drive, 8RS)
Batting: SHB Mike Bryant 0-0: Ball
1-0: Called Strike
1-1: Swinging Strike
1-2: Grounds into double play, 6-4-3 (Groundball, 56)
Top of the 4th over - 0 runs, 1 hit, 0 errors, 0 left on base; Coweta HS 1 - Madawaska Valley HS 3
BOTTOM OF THE 4TH
Madawaska Valley HS Wolves batting - Pitching for Coweta HS Tigers : RHP Bob Boone
Batting: RHB Rory Dickey 0-0: Foul Ball, location: 2F
0-1: Foul Ball, location: 2F
0-2: SINGLE (Line Drive, 89S)
Batting: RHB Jim Barnes 0-0: Ball
1-0: Ball
2-0: SINGLE (Line Drive, 34D)
Rory Dickey to second
Batting: SHB Robert Bradshaw 0-0: Ball
1-0: Foul Ball, location: 2F
1-1: Called Strike
1-2: Fly out, F8 (Line Drive, 8LS)
Batting: SHB Jason Dundee 0-0: Swinging Strike
0-1: Ball
1-1: Swinging Strike
1-2: Foul Ball, location: 2F
1-2: Strikes out swinging
Batting: RHB Bob Colbert 0-0: Ball
1-0: Called Strike
1-1: Ball
2-1: Called Strike
2-2: Strikes out swinging
Bottom of the 4th over - 0 runs, 2 hits, 0 errors, 2 left on base; Coweta HS 1 - Madawaska Valley HS 3
TOP OF THE 5TH
Coweta HS Tigers batting - Pitching for Madawaska Valley HS Wolves : LHP Nick Harrison
Batting: LHB Joe Mobley 0-0: Called Strike
0-1: Foul Ball, location: 2F
0-2: Foul Ball, location: 2F
0-2: Ball
1-2: Strikes out looking
Batting: LHB Vito Ramírez 0-0: Called Strike
0-1: Foul Ball, location: 2F
0-2: Strikes out looking
Batting: LHB Matt Taylor 0-0: Ball
1-0: Ball
2-0: Ball
3-0: Called Strike
3-1: Base on Balls
Pitching: RHP Jorge Morín
Batting: RHB Javier Escalante 0-0: Ball
1-0: Fielders Choice at 2nd, 6-4 (Groundball, 6)
Top of the 5th over - 0 runs, 0 hits, 0 errors, 1 left on base; Coweta HS 1 - Madawaska Valley HS 3
BOTTOM OF THE 5TH
Madawaska Valley HS Wolves batting - Pitching for Coweta HS Tigers : RHP Bob Boone
Pitching: RHP Ralph Lee
Batting: RHB Earl Austin 0-0: Foul Ball, location: 2F
0-1: Called Strike
0-2: Ball
1-2: Foul Ball, location: 2F
1-2: Strikes out swinging
Batting: RHB Bill Martínez 0-0: Ball
1-0: Reached on error, E1 (Groundball, 15)
Batting: LHB Ricardo Carrillo 0-0: Ball
1-0: Foul Ball, location: 2F
1-1: SINGLE (Flyball, 8RS)
Bill Martínez to third
Batting: LHB Carl Childs 0-0: Called Strike
0-1: Grounds into double play, 4-6-3 (Groundball, 4M)
Bottom of the 5th over - 0 runs, 1 hit, 1 error, 1 left on base; Coweta HS 1 - Madawaska Valley HS 3
TOP OF THE 6TH
Coweta HS Tigers batting - Pitching for Madawaska Valley HS Wolves : RHP Jorge Morín
Batting: RHB Ronald McMillan 0-0: Ball
1-0: Called Strike
1-1: Ball
2-1: Called Strike
2-2: Ball
3-2: Fly out, F8 (Flyball, 8LM)
Batting: RHB Jim Díaz 0-0: Reached on error, E1 (Groundball, 13S)
Batting: LHB Edward Cook 0-0: Ball
1-0: Foul Ball, location: 2F
1-1: Fielders Choice at 2nd, 4-6 (Groundball, 4M)
Batting: LHB Carlos Aponte 0-0: Swinging Strike
0-1: Foul Ball, location: 2F
0-2: Ball
1-2: Ball
2-2: Strikes out looking
Top of the 6th over - 0 runs, 0 hits, 1 error, 1 left on base; Coweta HS 1 - Madawaska Valley HS 3
BOTTOM OF THE 6TH
Madawaska Valley HS Wolves batting - Pitching for Coweta HS Tigers : RHP Ralph Lee
Batting: RHB Rory Dickey 0-0: Swinging Strike
0-1: Foul Ball, location: 2F
0-2: Ball
1-2: Foul Ball, location: 2F
1-2: Ball
2-2: Strikes out looking
Batting: RHB Jim Barnes 0-0: Ball
1-0: Called Strike
1-1: Ball
2-1: Ball
3-1: Ground out 4-3 (Groundball, 4)
Batting: SHB Robert Bradshaw 0-0: Ball
1-0: Ball
2-0: Ball
3-0: Base on Balls
Batting: SHB Jason Dundee 0-0: Fly out, F8 (Line Drive, 78M)
Bottom of the 6th over - 0 runs, 0 hits, 0 errors, 1 left on base; Coweta HS 1 - Madawaska Valley HS 3
TOP OF THE 7TH
Coweta HS Tigers batting - Pitching for Madawaska Valley HS Wolves : RHP Jorge Morín
Batting: SHB Mike Bryant 0-0: Ball
1-0: Ball
2-0: Foul Ball, location: 2F
2-1: Ball
3-1: Base on Balls
Batting: LHB Joe Mobley 0-0: Foul Ball, location: 2F
0-1: Ball
1-1: Sac Bunt - play at second, runner OUT -> throw to first, DP!
Batting: LHB Vito Ramírez 0-0: Foul Ball, location: 2F
0-1: Ground out 4-3 (Groundball, 4)
Top of the 7th over - 0 runs, 0 hits, 0 errors, 0 left on base; Coweta HS 1 - Madawaska Valley HS 3
BOTTOM OF THE 7TH
Madawaska Valley HS Wolves batting - Pitching for Coweta HS Tigers : RHP Ralph Lee
Batting: RHB Bob Colbert 0-0: Ball
1-0: Called Strike
1-1: Swinging Strike
1-2: Strikes out swinging
Batting: RHB Earl Austin 0-0: DOUBLE (Line Drive, 9LS)
Batting: RHB Bill Martínez 0-0: Called Strike
0-1: Ball
1-1: Ball
2-1: SINGLE (Flyball, 9LS)
Earl Austin to third
Batting: LHB Ricardo Carrillo 0-0: Foul Ball, location: 2F
0-1: Called Strike
0-2: Ball
1-2: Foul Ball, location: 2F
1-2: Foul Ball, location: 2F
1-2: Strikes out swinging
Batting: LHB Carl Childs 0-0: Called Strike
0-1: Ball
1-1: DOUBLE (Line Drive, 78D)
Earl Austin scores
Bill Martínez to third
Runner from 3rd tries for Home, SAFE, no throw
Batting: RHB Rory Dickey 0-0: Ball
1-0: Called Strike
1-1: Ball
2-1: Foul Ball, location: 2F
2-2: Ball
3-2: Strikes out swinging
Bottom of the 7th over - 2 runs, 3 hits, 0 errors, 1 left on base; Coweta HS 1 - Madawaska Valley HS 5
TOP OF THE 8TH
Coweta HS Tigers batting - Pitching for Madawaska Valley HS Wolves : RHP Jorge Morín
Batting: LHB Matt Taylor 0-0: Called Strike
0-1: Foul Ball, location: 2F
0-2: Ball
1-2: Ball
2-2: Foul Ball, location: 2F
2-2: Strikes out swinging
Batting: RHB Javier Escalante 0-0: Ball
1-0: Ball
2-0: Ball
3-0: Called Strike
3-1: Base on Balls
Batting: RHB Ronald McMillan 0-0: Called Strike
0-1: Called Strike
0-2: 2-RUN HOME RUN (Flyball, 9D), Distance : 416 ft
Batting: RHB Jim Díaz 0-0: Ball
1-0: Ball
2-0: Ball
3-0: Base on Balls
Batting: LHB Edward Cook 0-0: Called Strike
0-1: Ball
1-1: Ball
2-1: Ball
3-1: Base on Balls
Jim Díaz to second
Batting: LHB Carlos Aponte 0-0: TRIPLE (Line Drive, 8RXD)
Jim Díaz scores
Edward Cook scores
Batting: SHB Mike Bryant 0-0: Called Strike
0-1: Ball
1-1: Ball
2-1: Ball
3-1: Base on Balls
Batting: LHB Joe Mobley 0-0: Ball
1-0: Ball
2-0: Foul Ball, location: 2F
2-1: Ball
3-1: Foul Ball, location: 2F
3-2: Foul Ball, location: 2F
3-2: Base on Balls
Mike Bryant to second
Pitching: LHP José Vázquez
Batting: LHB Vito Ramírez 0-0: Foul Ball, location: 2F
0-1: Foul Ball, location: 2F
0-2: Grounds into fielders choice 4-2 (Groundball, 4)
Mike Bryant to third
Joe Mobley to second
Batting: LHB Matt Taylor 0-0: Called Strike
0-1: Foul Ball, location: 2F
0-2: Ball
1-2: Ground out U3 (Groundball, 3)
Top of the 8th over - 4 runs, 2 hits, 0 errors, 3 left on base; Coweta HS 5 - Madawaska Valley HS 5
BOTTOM OF THE 8TH
Madawaska Valley HS Wolves batting - Pitching for Coweta HS Tigers : RHP Ralph Lee
Batting: RHB Jim Barnes 0-0: Ball
1-0: SINGLE (Groundball, 56D)
Batting: SHB Robert Bradshaw 0-0: Called Strike
0-1: Ball
1-1: Ball
2-1: Foul Ball, location: 2F
2-2: Foul Ball, location: 2F
2-2: Fly out, F5 (Popup, P)
Batting: SHB Jason Dundee 0-0: SINGLE (Groundball, 4MD)
Jim Barnes to second
Runner from 2nd tries for 3rd, SAFE, throw made to third
Pitching: RHP Steve Jackson
Batting: RHB Bob Colbert 0-0: Ball
1-0: Fielders Choice at 2nd, 6-4 (Groundball, 6)
Jim Barnes scores
Batting: RHB Earl Austin 0-0: Ball
1-0: Swinging Strike
1-1: Ball
2-1: Ground out 4-3 (Groundball, 34)
Bottom of the 8th over - 1 run, 2 hits, 0 errors, 1 left on base; Coweta HS 5 - Madawaska Valley HS 6
TOP OF THE 9TH
Coweta HS Tigers batting - Pitching for Madawaska Valley HS Wolves : LHP José Vázquez
Batting: RHB Javier Escalante 0-0: Ball
1-0: SINGLE (Line Drive, 6MD)
Batting: RHB Ronald McMillan 0-0: Ball
1-0: Ball
2-0: SINGLE (Popup, 4MD)
Javier Escalante to second
Batting: RHB Jim Díaz 0-0: Ball
1-0: Ball
2-0: Ball
3-0: Foul Ball, location: 2F
3-1: Base on Balls
Javier Escalante to third
Ronald McMillan to second
Pinch Hitting: RHB Dan Britt 0-0: Ball
1-0: Ball
2-0: Called Strike
2-1: SINGLE (Line Drive, 56)
Javier Escalante scores
Ronald McMillan to third
Jim Díaz to second
Pinch Hitting: RHB José Avilés 0-0: Ball
1-0: Called Strike
1-1: Ball
2-1: Foul Ball, location: 2F
2-2: SINGLE (Groundball, 4MD)
Ronald McMillan scores
Jim Díaz to third
Dan Britt to second
Pinch Hitting: RHB Kevin Harrington 0-0: Called Strike
0-1: Foul Ball, location: 2F
0-2: Ball
1-2: Ball
2-2: Strikes out swinging
Batting: LHB Joe Mobley 0-0: Fly out, F7 (Line Drive, 7LM)
Runner from 3rd tags up, SCORES, throw made
Batting: LHB Vito Ramírez 0-0: Ball
1-0: Foul Ball, location: 2F
1-1: Swinging Strike
1-2: Ball
2-2: Fly out, F7 (Flyball, 7LS)
Top of the 9th over - 3 runs, 4 hits, 0 errors, 2 left on base; Coweta HS 8 - Madawaska Valley HS 6
BOTTOM OF THE 9TH
Madawaska Valley HS Wolves batting - Pitching for Coweta HS Tigers : RHP Steve Jackson
Now at C: Dan Britt
Now at 2B: José Avilés
Now at 3B: Kevin Harrington
Batting: RHB Bill Martínez 0-0: Ball
1-0: Ball
2-0: Ball
3-0: Called Strike
3-1: Ground out U3 (Groundball, 3)
Batting: LHB Ricardo Carrillo 0-0: Called Strike
0-1: Foul Ball, location: 2F
0-2: Ball
1-2: Ball
2-2: Ball
3-2: Strikes out swinging
Batting: LHB Carl Childs 0-0: Foul Ball, location: 2F
0-1: Fly out, F9 (Flyball, 9)
Bottom of the 9th over - 0 runs, 0 hits, 0 errors, 0 left on base; Coweta HS 8 - Madawaska Valley HS 6
Saturday, December 16th, 2017 - OOTP Baseball 18.8 Build 76